 Dungeon Crawl Stone Soup version 0.31-a0-198-g2ad674f65e (webtiles) character file.

Game seed: 6118117778314574453

443 qw the Skirmisher (level 6, -3/35 HPs)
             Began as a Deep Elf Hunter on June 25, 2023.
             Killed from afar by Natasha (7 damage)
             ... with a magic dart
             ... on level 4 of the Dungeon.
             The game lasted 00:01:36 (3343 turns).

qw the Skirmisher (Deep Elf Hunter)                 Turns: 3343, Time: 00:01:36

Health: -3/35      AC:  5    Str: 10    XL:     6   Next: 71%
Magic:  8/8        EV: 11    Int: 14    God:
Gold:   113        SH:  0    Dex: 18    Spells: 5/5 levels left

rFire   . . .        Y - +0 shortbow
rCold   . . .        (shield currently unavailable)
rNeg    . . .        g - +0 ring mail
rPois   .            (no helmet)
rElec   .            (no cloak)
rCorr   .            (no gloves)
SInv    .            (no boots)
Will    .....        (no amulet)
Stlth   +            (no ring)
HPRegen 0.25/turn    (no ring)
MPRegen 0.11/turn

%: no passive effects
@: no status effects
A: no striking features
a: no special abilities


You were on level 4 of the Dungeon.
You visited 2 branches of the dungeon, and saw 5 of its levels.
You also visited: Sewer.

You collected 163 gold pieces.
You spent 50 gold pieces at shops.


   Skills:
 - Level 2.0 Fighting
 - Level 10.3 Ranged Weapons
 + Level 2.6 Dodging
 - Level 1.2 Stealth


You had 5 spell levels left.
You didn't know any spells.
Your spell library was empty.

Inventory:

Hand Weapons
 Y - a +0 shortbow (weapon)
Armour
 g - a +0 ring mail (worn)
Jewellery
 b - a ring of fire
 j - a +5 ring of evasion
Scrolls
 h - a scroll of enchant weapon {unknown}
 k - 2 scrolls of identify
 l - a scroll of fog {unknown}
Potions
 a - a potion of might
 c - 2 potions of ambrosia {unknown}
 d - 2 potions of enlightenment
 e - a potion of lignification {unknown}
 i - 2 potions of curing

Dungeon Overview and Level Annotations

Branches:
Dungeon (4/15)             Temple (1/1) D:4           Sewer (visited)

Altars:
Ashenzari
Cheibriados
Elyvilon
Fedhas
Gozag
Kikubaaqudgha
Makhleb
Nemelex Xobeh
Ru
Sif Muna
Trog
Vehumet
Wu Jian
Xom
Zin

Shops:
D:3 :!*[

Annotations:
D:4 Natasha


Message History

The magic dart hits you.
3333 ||| Stepping ~*~*~tactically~*~*~ (outnumbered).
You start resting.
Natasha is nearby!
You shoot an arrow.
The arrow hits Natasha but does no damage.
Natasha is heavily wounded.
Natasha claws you but does no damage.
You shoot an arrow. The arrow barely misses Natasha.
Natasha closely misses you.
You shoot an arrow. The arrow hits Natasha.
Natasha is severely wounded.
Natasha closely misses you.
You shoot an arrow. The arrow barely misses Natasha.
Natasha claws you!
The cerulean imp hits you from afar with a +2 spear.
Natasha closely misses you.
You shoot an arrow. The arrow barely misses Natasha.
The cerulean imp hits you from afar with a +2 spear.
Natasha claws you!
3340 ||| DRINKING potion of heal wounds.
You feel much better. The cerulean imp completely misses you.
Natasha claws you.
You shoot an arrow. The arrow hits Natasha.
Natasha is almost dead.
The cerulean imp hits you but does no damage.
Natasha claws you.
You shoot an arrow.
The arrow hits Natasha but does no damage.
Natasha is almost dead.
The cerulean imp hits you from afar with a +2 spear!
Natasha stares at you and mumbles some strange words.
The magic dart hits you!
You shoot an arrow.
The arrow hits Natasha but does no damage.
Natasha is almost dead.
The cerulean imp hits you from afar with a +2 spear.
Natasha stares at you and mumbles some strange words.
The magic dart hits you!
You die...

<........###....###...
...................###.
....##................. #..
#....##..........# ##...#
...##.................
##.....#...5h.................
......#..###.5.............%. ..
#....... ##h............... ...
#......####@..#.............
...####.....#....###........%...#
....#..........### ##.......#....
...............## #.......##...
#......>.#.....#####....##......
#................#............##
..##.........<.##................
...............##................
..................#..............


You could see Natasha (strong) and a cerulean imp (summoned).

Vanquished Creatures
  A phantom (D:4)
  2 kobold brigands (Sewer)
  A hound (D:4)
  An orc priest (D:3)
  Terence (D:2)
  A gnoll (D:1)
  2 river rats
  5 adders
  A dart slug (D:4)
  2 orcs (D:3)
  9 ball pythons
  4 bats (D:3)
  7 endoplasms
  4 goblins
  2 hobgoblins (D:2)
  4 jackals
  8 quokkas
  11 frilled lizards
  7 kobolds
  9 rats
82 creatures vanquished.

Notes
Turn   | Place    | Note
-------+----------+-------------------------------------------
     0 | D:1      | qw the Deep Elf Hunter began the quest for the Orb.
     0 | D:1      | Reached XP level 1. HP: 12/12 MP: 3/3
     0 | D:1      | 0 ||| qw: Version: 0.3-a-22-g0ed2b0b
     0 | D:1      | 0 ||| qw: Game counter: 5299
     0 | D:1      | 0 ||| qw: Melee chars always use a shield: true
     0 | D:1      | 0 ||| qw: God list: Okawaru
     0 | D:1      | 0 ||| qw: Allow faded altars: false
     0 | D:1      | 0 ||| qw: Do Orc after clearing Dungeon:15 true
     0 | D:1      | 0 ||| qw: Do second Lair branch before Depths: true
     0 | D:1      | 0 ||| qw: Lair rune preference: random
     0 | D:1      | 0 ||| qw: Goals: Normal
     0 | D:1      | 0 ||| PLANNING D:1-11
   231 | D:1      | Reached XP level 2. HP: 16/16 MP: 4/4
   270 | D:1      | Reached skill level 6 in Ranged Weapons
   671 | D:1      | 671 ||| DROPPING scarf of shadows.
   672 | D:1      | 672 ||| UPGRADING to +0 ring mail.
   682 | D:1      | 682 ||| DROPPING +0 leather armour.
   683 | D:1      | 683 ||| READING scroll labelled TULIOGRAIM.
   784 | D:1      | 784 ||| READING scroll labelled YTUNGO YRAFUH.
   785 | D:1      | 785 ||| READING scroll labelled DADIGOUGIME.
   790 | D:1      | 790 ||| READING 2 scrolls labelled CUSOQOUNI.
   791 | D:1      | 791 ||| DROPPING scroll of butterflies.
   815 | D:2      | Noticed Terence
   827 | D:2      | Killed Terence
   828 | D:2      | Reached skill level 7 in Ranged Weapons
   828 | D:2      | Reached XP level 3. HP: 9/20 MP: 5/5
  1325 | D:2      | Reached XP level 4. HP: 22/25 MP: 6/6
  1605 | D:2      | 1605 ||| READING 2 scrolls of identify.
  1605 | D:2      | 1605 ||| IDENTIFYING bubbling purple potion
  1632 | D:3      | 1632 ||| PLANNING SEWER
  1638 | D:3      | 1638 ||| STAIRDANCE
  1707 | D:3      | 1707 ||| STAIRDANCE
  1775 | D:3      | Identified the +8 whip of Hepliaklqana's Hope {flame, Str+3
                  | Stlth+}
  1822 | D:3      | Found Gintuh's Distillery.
  1825 | D:3      | 1825 ||| BUYING potion of heal wounds (50 gold).
  1825 | D:3      | Bought a potion of heal wounds for 50 gold pieces
  1845 | D:3      | Found Ryddidur's Book Boutique.
  1867 | D:3      | Found a white marble altar of Elyvilon.
  1996 | D:3      | Found a glowing drain.
  1997 | D:3      | 1997 ||| DRINKING 2 ruby potions.
  2004 | D:3      | 2004 ||| Stepping ~*~*~tactically~*~*~ (water).
  2014 | D:3      | 2014 ||| FLEEEEING.
  2015 | D:3      | 2015 ||| FLEEEEING.
  2016 | D:3      | 2016 ||| FLEEEEING.
  2017 | D:3      | 2017 ||| FLEEEEING.
  2020 | D:3      | Reached skill level 8 in Ranged Weapons
  2078 | Sewer    | Entered a sewer
  2138 | Sewer    | 2138 ||| Stepping ~*~*~tactically~*~*~ (water).
  2152 | Sewer    | Noticed a kobold brigand
  2167 | Sewer    | HP: 6/25 [kobold/+0 short sword (1)]
  2168 | Sewer    | 2168 ||| READING scroll of teleportation.
  2169 | Sewer    | 2169 ||| DRINKING 2 potions of heal wounds.
  2170 | Sewer    | Noticed a kobold brigand
  2182 | Sewer    | HP: 4/25 [kobold brigand/+0 club (4)]
  2183 | Sewer    | 2183 ||| DRINKING potion of heal wounds.
  2192 | Sewer    | Killed a kobold brigand
  2193 | Sewer    | Reached XP level 5. HP: 15/29 MP: 7/7
  2194 | Sewer    | 2194 ||| FLEEEEING.
  2198 | Sewer    | 2198 ||| FLEEEEING.
  2199 | Sewer    | 2199 ||| FLEEEEING.
  2206 | Sewer    | 2206 ||| FLEEEEING.
  2207 | Sewer    | 2207 ||| FLEEEEING.
  2208 | Sewer    | 2208 ||| FLEEEEING.
  2209 | Sewer    | 2209 ||| FLEEEEING.
  2211 | Sewer    | Reached skill level 9 in Ranged Weapons
  2273 | Sewer    | Found a white marble altar of Elyvilon.
  2331 | D:3      | 2331 ||| PLANNING D:1-11
  2360 | D:3      | Reached XP level 6. HP: 34/35 MP: 8/8
  2370 | D:3      | Found a faded altar of an unknown god.
  2407 | D:3      | Found Fawnovuu's General Store.
  2474 | D:3      | 2474 ||| SHOPLISTING +1 hat of intelligence (176 gold, have
                  | 64).
  2474 | D:3      | 2474 ||| SHOPLISTING 2 potions of mutation (176 gold, have
                  | 64).
  2474 | D:3      | 2474 ||| SHOPLISTING wand of digging (7) (323 gold, have
                  | 64).
  2502 | D:3      | Found Casm's Armour Emporium.
  2509 | D:3      | 2509 ||| SHOPLISTING +0 ring mail of cold resistance (110
                  | gold, have 64).
  2509 | D:3      | 2509 ||| SHOPLISTING +1 pair of boots of Dishonour {Rampage
                  | rF- rCorr} (151 gold, have 64).
  2509 | D:3      | 2509 ||| SHOPLISTING +1 pair of boots of Eternity {Harm
                  | Dex+7 Slay-2 Stlth+} (256 gold, have 64).
  2509 | D:3      | 2509 ||| SHOPLISTING scarf "Neecei" {shadows, rN+ Int+3
                  | Stlth+} (303 gold, have 64).
  2781 | D:3      | 2781 ||| READING scroll labelled GECUEL PESHAXOYJE.
  2796 | D:4      | Found a staircase to the Ecumenical Temple.
  2797 | D:4      | 2797 ||| PLANNING TEMPLE
  2797 | D:4      | 2797 ||| STAIRDANCE
  2801 | D:4      | 2801 ||| STAIRDANCE
  2863 | D:4      | 2863 ||| STAIRDANCE
  2881 | D:4      | 2881 ||| STAIRDANCE
  2885 | D:4      | 2885 ||| STAIRDANCE
  2889 | D:4      | 2889 ||| STAIRDANCE
  2893 | D:4      | 2893 ||| STAIRDANCE
  2897 | D:4      | 2897 ||| STAIRDANCE
  2901 | D:4      | 2901 ||| STAIRDANCE
  2915 | D:4      | 2915 ||| STAIRDANCE
  2926 | D:4      | 2926 ||| STAIRDANCE
  2937 | D:4      | 2937 ||| STAIRDANCE
  2941 | D:4      | 2941 ||| STAIRDANCE
  2955 | D:4      | 2955 ||| STAIRDANCE
  2959 | D:4      | 2959 ||| STAIRDANCE
  2963 | D:4      | 2963 ||| STAIRDANCE
  2967 | D:4      | 2967 ||| STAIRDANCE
  2971 | D:4      | 2971 ||| STAIRDANCE
  2990 | D:4      | 2990 ||| STAIRDANCE
  2994 | D:4      | 2994 ||| STAIRDANCE
  3005 | Temple   | Entered the Ecumenical Temple
  3100 | Temple   | 3100 ||| PLANNING D:1-11
  3235 | D:4      | Reached skill level 10 in Ranged Weapons
  3327 | D:4      | Noticed Natasha
  3333 | D:4      | 3333 ||| Stepping ~*~*~tactically~*~*~ (outnumbered).
  3339 | D:4      | HP: 3/35 [Natasha (10)]
  3340 | D:4      | 3340 ||| DRINKING potion of heal wounds.
  3343 | D:4      | Killed from afar by Natasha

Levels and vault maps discovered:
D:1:      minmay_arrival_doors, layout_basic, minmay_tromino_v4_a
D:2:      layout_loops_corners, minmay_misc_feat_chi, minmay_lizard_king,
          uniq_terence
D:3:      layout_basic, lemuel_doored_altar, cheibrodos_sewer_entry_sluice,
          serial_forest, infiniplex_forest_clump_curved,
          infiniplex_forest_lined_3_way, infiniplex_forest_clump_double,
          infiniplex_forest_clump_double, infiniplex_forest_lined_corner,
          infiniplex_forest_clump_medium, serial_shops,
          nicolae_shop_real_fake_doors, shop, nicolae_shop_tiny_real_fake_doors,
          nicolae_diamond_shop, shapermc_ecumenical_altar_venn
D:4:      layout_cave_pools, minmay_temple_entry_proselytizer,
          gammafunk_ghost_split, kennysheep_diamond, uniq_natasha
Temple:   jpeg_temple_clearing

Skill      XL: |  1  2  3  4  5  6 |
---------------+-------------------+-----
Ranged Weapons | 7 8 9 10 | 10.3
Fighting       | 2 |  2.0
Dodging        | |  2.6
Stealth        | |  1.2

Action                     |  1- 3 |  4- 6 || total
---------------------------+-------+-------++-------
   Fire: Shortbow          |    57 |   256 ||   313
    Use: Scroll            |     4 |     3 ||     7
         Potion            |       |     4 ||     4
 Armour: Leather armour    |     2 |       ||     2
         Ring mail         |     5 |    73 ||    78
  Dodge: Dodged            |    11 |   115 ||   126

Table legend:
 A = Non-vault XP
 B = Vault XP
 C = Vault XP percentage of total XP
 D = Non-vault monster count
 E = Vault monster count
 F = Vault count percentage of total count
                 A         B        C        D         E       F
            +---------+---------+-------+---------+---------+-------
      Total |     312 |     322 |  50.8 |      56 |      26 |  31.7
            +---------+---------+-------+---------+---------+-------
        D:1 |      27 |       4 |  12.9 |       8 |       3 |  27.3
        D:2 |      46 |      58 |  55.8 |      21 |      10 |  32.3
        D:3 |      68 |      44 |  39.3 |      19 |       3 |  13.6
        D:4 |     171 |       0 |   0.0 |       8 |       0 |   0.0
      Sewer |       0 |     216 | 100.0 |       0 |      10 | 100.0
            +---------+---------+-------+---------+---------+-------
